 Dungeon Crawl Stone Soup version 0.12.2-34-gf45b194 (webtiles) character file.

127 Sachiko the Stinger (level 3, -1/28 HPs)
             Began as a Naga Venom Mage on Sept 10, 2013.
             Slain by an adder (2 damage)
             ... on Level 2 of the Dungeon.
             The game lasted 00:11:15 (1815 turns).

Sachiko the Stinger (Naga Venom Mage)               Turns: 1815, Time: 00:11:15

HP  -1/28        AC  3     Str 10      XL: 3   Next: 68%
MP   2/6         EV 10     Int 16      God:
Gold 81          SH  0     Dex 11      Spells:  2 memorised,  0 levels left

Res.Fire  : . . .   See Invis. : +   (no weapon)
Res.Cold  : . . .   Warding    : .   a - +1 robe (curse)
Life Prot.: + . .   Conserve   : .   (no shield)
Res.Poison: +       Res.Corr.  : .   (no helmet)
Res.Elec. : .       Clarity    : .   (no cloak)
Sust.Abil.: . .     Spirit.Shd : .   (no gloves)
Res.Mut.  : .       Stasis     : .   (no barding)
Res.Rott. : .       Ctrl.Telep.: .   (no amulet)
Saprovore : . . .   Flight     : .   m - ring of sustenance
                                     d - cursed ring of life protection

@: short of breath, very slightly contaminated, very slow, slightly resistant to
hostile enchantments, stealthy
A: spit poison, see invisible, deformed body, poison resistance, slowness 2, AC
+1
a: Spit Poison


You were on level 2 of the Dungeon.
You were not hungry.

You visited 1 branch of the dungeon, and saw 2 of its levels.

You collected 61 gold pieces.

Inventory:

Armour
 a - a cursed +1 robe (worn)
Comestibles
 c - a bread ration
 k - a chunk of giant gecko flesh
Scrolls
 g - a scroll of random uselessness
 i - a scroll of enchant armour
 j - a scroll of teleportation
 l - a scroll of amnesia
Jewellery
 d - a cursed ring of life protection (left hand)
 h - an uncursed ring of ice
 m - a ring of sustenance (right hand)
Potions
 e - a potion of curing
Books
 b - a Young Poisoner's Handbook

   Spells                             Type                      Level
   *Sting                             Conjuration/Poison           1
   Cure Poison                        Poison                       2
   *Mephitic Cloud                    Conjuration/Poison/Air       3
   Olgreb's Toxic Radiance            Poison                       4
   Venom Bolt                         Conjuration/Poison           5


   Skills:
 - Level 1.5 Dodging
 + Level 3.3 Stealth
 + Level 1.3 Spellcasting
 + Level 0.6 Conjurations
 + Level 6.5 Poison Magic


You couldn't memorise any spells.
You knew the following spells:

 Your Spells              Type           Power        Failure   Level  Hunger
a - Sting                 Conj/Pois      ###..        8%          1    ##.....
b - Mephitic Cloud        Conj/Pois/Air  ##.......    28%         3    ####...


Dungeon Overview and Level Annotations

Branches:
Dungeon (2/27)

Altars:


Innate Abilities, Weirdness & Mutations

You cannot wear boots.
You can spit poison.
Your serpentine skin is tough (AC +1).
You have supernaturally acute eyesight.
Armour fits poorly on your strangely shaped body.
Your system is resistant to poisons.
You cover ground very slowly.


Message History

The sting misses the adder.
The adder bites you.
* * * LOW HITPOINT WARNING * * *
The adder bites you.
* * * LOW HITPOINT WARNING * * *
Casting: Sting
Confirm with . or Enter, or press ? or * to list all spells.
Aiming: Sting
Press: ? - help, Shift-Dir - straight line, f/p - adder
Aim: an adder (moderately wounded, poisoned)
You miscast Sting.
You are very lightly contaminated with residual magic.
Nothing appears to happen.
The adder closely misses you.
Use which ability? (? or * to list)
Press: ? - help, Shift-Dir - straight line, f/p - adder
Aim: an adder (moderately wounded, poisoned)
The splash of poison misses the adder.
You feel slightly more hungry. The adder bites you.
* * * LOW HITPOINT WARNING * * *
The adder bites you but does no damage. The adder bites you.
You die...

######## #########
###..@...# #.......#
#.'.S....#
#.......###.#......#
#.......##..#......+
#.......#..##......#
#.........###......#
#.......### #......#
#.......# #......#
######.## #......#


You could see an adder.

Vanquished Creatures
  An adder (D:2)
  3 giant geckos (D:2)
  4 bats
  4 hobgoblins
  6 jackals (D:1)
  2 kobolds
  4 giant cockroaches
  2 giant newts (D:1)
  5 goblins (D:2)
  2 rats
33 creatures vanquished.

Vanquished Creatures (others)
  A goblin (D:1)
  A kobold (D:1)
2 creatures vanquished.

Grand Total: 35 creatures vanquished

Notes
Turn   | Place    | Note
--------------------------------------------------------------
     0 | D:1      | Sachiko, the Naga Venom Mage, began the quest for the Orb.
     0 | D:1      | Reached XP level 1. HP: 15/15 MP: 3/3
   221 | D:1      | Reached XP level 2. HP: 4/22 MP: 0/4
   401 | D:1      | Reached skill level 6 in Poison Magic
  1238 | D:2      | Reached XP level 3. HP: 16/28 MP: 0/6
  1402 | D:2      | Learned a level 3 spell: Mephitic Cloud
  1814 | D:2      | HP: 1/28 [adder (3)]
  1815 | D:2      | Slain by an adder

Action                   || total
-------------------------++-------
Melee: Unarmed           ||    33
 Cast: Sting             ||    51
       Mephitic Cloud    ||     1
 Abil: Spit Poison       ||     5
  Use: Scroll            ||    11
       Potion            ||     5
 Stab: Confused          ||     1
